 Dungeon Sprint DCSS version 0.21.1-1-g345015f (webtiles) character file.

4881 nicolaieve the Executioner (level 10, -8/124 HPs)
             Began as a Minotaur Berserker on June 14, 2018.
             Was the Champion of Trog.
             Mangled by Reawk the pandemonium lord (12 damage)
             ... in the Dungeon (Sprint V: "Ziggurat Sprint").
             The game lasted 00:22:32 (820 turns).

nicolaieve the Executioner (Minotaur Berserker)      Turns: 820, Time: 00:22:32

Health: -8/124     AC: 33    Str: 30    XL:     10   Next: 26%
Magic:  3/3        EV: 10    Int:  4    God:    Trog [******]
Gold:   0          SH:  0    Dex: 25    Spells: 9/9 levels left

rFire    . . .     SeeInvis .   V - +3 executioner's axe (antimagic)
rCold    . . .     Gourm    .   (shield currently unavailable)
rNeg     . . .     Faith    +   L - +15 Maxwell's patent armour {-Cast -Tele rElec MR+ rCorr}
rPois    .         Spirit   .   (helmet restricted)
rElec    +         Reflect  .   Q - scarf {cloud immunity}
rCorr    +         Harm     .   F - +2 pair of gloves {Str+3}
MR       +....     NoTele   +   (no boots) Stlth ..........NoCast +
                                E - amulet of faith
HPRegen  0.30/turn              y - +6 ring of dexterity
MPRegen  0.08/turn              x - +6 ring of dexterity

@: berserking, very quick
A: retaliatory headbutt, horns 2, frail 1, no potion heal 1
a: Berserk, Trog's Hand, Brothers in Arms, Burn Spellbooks, Renounce Religion


You were in the Dungeon.
You worshipped Trog.
Trog was exalted by your worship.
You were very hungry.

You visited 1 branch

Inventory:

Hand Weapons
 b - a +4 battleaxe of draining
 G - a +5 executioner's axe
 H - a +5 demon trident
 I - a +5 demon whip
 K - the cursed +14 obsidian axe {chop, +Fly SInv *Curse}
   (You found it in the Dungeon)

   It inflicts extra damage upon your enemies.
   It lets you see invisible.
   It lets you fly.
   It curses itself when equipped.
   It has a curse placed upon it.
 N - a +5 battleaxe of chopping
 V - a +3 antimagic executioner's axe (weapon)
 W - a +2 battleaxe of venom
Armour
 a - the +6 plate armour "Damet" {+Fly MR- rCorr}
   (You found it in the Dungeon)

   It affects your resistance to hostile enchantments.
   It lets you fly.
   It protects you from acid and corrosion.
 F - a +2 pair of gloves of strength (worn)
 L - the +15 Maxwell's patent armour (worn) {-Cast -Tele rElec MR+ rCorr}
   (You found it in the Dungeon)

   It insulates you from electricity.
   It affects your resistance to hostile enchantments.
   It prevents spellcasting.
   It prevents most forms of teleportation.
   It protects you from acid and corrosion.
 M - the +18 shield of the Gong {rElec rN+ MR+ EV-5}
   (You found it in the Dungeon)

   It affects your evasion (-5).
   It insulates you from electricity.
   It protects you from negative energy.
   It affects your resistance to hostile enchantments.
 Q - a scarf of cloud immunity (worn)
Jewellery
 x - a +6 ring of dexterity (right hand)
 y - a +6 ring of dexterity (left hand)
 A - the ring "Pasuv" {Int+4 Stlth-}
   (You found it in the Dungeon)

   [ring of loudness]

   It affects your intelligence (+4).
   It makes you less stealthy.
 B - a +6 ring of strength
 C - a +6 ring of strength
 D - an uncursed ring of flight
 E - an amulet of faith (around neck)
 J - the cursed necklace of Bloodlust {*Rage +Rage MR++ Int-3 Slay+6 *Curse}
   (You found it in the Dungeon)

   [amulet of rage]

   It affects your intelligence (-3).
   It affects your accuracy and damage with ranged weapons and melee attacks
   (+6).
   It affects your resistance to hostile enchantments.
   It lets you go berserk.
   It may make you go berserk in combat.
   It curses itself when equipped.
   It has a curse placed upon it.
 P - the ring of Ewaipe {-Tele rC++ MR+ Int+4}
   (You found it in the Dungeon)

   [ring of protection from magic]

   It affects your intelligence (+4).
   It greatly protects you from cold.
   It affects your resistance to hostile enchantments.
   It prevents most forms of teleportation.
Wands
 p - a wand of disintegration (7)
 q - a wand of iceblast (7)
 r - a wand of acid (7)
Scrolls
 i - 4 scrolls of blinking
 s - 7 scrolls of fog
 t - a scroll of holy word
 u - 5 scrolls of identify
 v - 5 scrolls of remove curse
 w - 2 scrolls of fear
 O - 4 scrolls of enchant weapon
Potions
 d - 10 potions of curing
 e - 10 potions of heal wounds
 f - 6 potions of haste
 g - 7 potions of magic
 h - 3 potions of berserk rage
 j - 2 potions of brilliance
 k - 2 potions of invisibility
 l - 4 potions of resistance
 m - a potion of experience
 n - 5 potions of agility
 o - 5 potions of might
Miscellaneous
 R - a sack of spiders
 S - a lamp of fire
 T - 2 boxes of beasts
Comestibles
 c - 5 rations


   Skills:
 + Level 10.3 Fighting
 * Level 22.7 Axes
 + Level 10.7 Armour
 + Level 2.4 Dodging


You had 9 spell levels left.
You didn't know any spells.

Dungeon Overview and Level Annotations

Branches:
Dungeon (1/1)

Altars:
Ashenzari
Cheibriados
Dithmenos
Elyvilon
Fedhas
Gozag
Hepliaklqana
Kikubaaqudgha
Makhleb
Nemelex Xobeh
Okawaru
Qazlal
Ru
Sif Muna
Trog
Uskayaw
Vehumet
Wu Jian
Xom
Yredelemnul
Zin
The Shining One
Beogh
Jiyva
Lugonu


Innate Abilities, Weirdness & Mutations

You reflexively headbutt those who attack you in melee.
You have a pair of horns on your head.
You are frail. (-10% HP)
Potions are less effective at restoring your health.


Message History

You feel a strong urge to attack something.
The sun demon shouts!
The sixfirhy hits your cyclops but does no damage.
Reawk hits you!
* * * LOW HITPOINT WARNING * * *
Reawk burns you.
* * * LOW HITPOINT WARNING * * *
Your cyclops hits Piniekom but does no damage.
The smoke demon gestures at you. Something smites you!
* * * LOW HITPOINT WARNING * * *
Found five items.
You hit Reawk. You headbutt Reawk.
Reawk is lightly wounded.
The sixfirhy hits your cyclops! The sixfirhy shocks your cyclops!
Reawk hits you but does no damage.
You slice Reawk!!
Reawk is lightly wounded.
Reawk hits you!
You die...

▓...8©8...▓
▓..:))[=..▓..)......▓
▓..))3|)..▓....||)..▓
▓..133....▓.........▓
▓..144....▓.........▓
▓.43.&.3..▓......|..▓
▓...C4....▓.....)...▓
▓....&....▓.▓.....▓.▓
▓....@....▓....©....▓
▓....©....▓▓▓▓▓▓▓▓▓▓▓
▓▓▓▓▓▓▓▓▓▓▓


You could see Piniekom, Reawk, a Hell Sentinel, a Tzitzimitl, a sun demon, 2
orange demons, an ice devil, a rust devil, a sixfirhy, 3 smoke demons and a
friendly cyclops (berserk).

Vanquished Creatures
  A thrashing horror (D)
  A mana viper (shapeshifter) (D)
  An ugly thing (D)
  2 yaktaurs (D)
  An ancient zyme (D)
  A wind drake (shapeshifter) (D)
  A raiju (D)
  Sigmund (D)
  2 tarantellas (D)
  A ynoxinul (D)
  A large abomination (D)
  A redback (shapeshifter) (D)
  A warg (shapeshifter) (D)
  A water moccasin (D)
  5 phantoms (D)
  A necrophage (D)
  A crocodile (shapeshifter) (D)
  3 centaurs (D)
  A scorpion (D)
  2 wights (D)
  A crimson imp (D)
  4 quasits (D)
  Jessica (D)
  3 adders (D)
  3 shadow imps (D)
  3 white imps (D)
  An ufetubus (D)
  An adder zombie (D)
  An adder skeleton (D)
  A bat skeleton (D)
  2 bat zombies (D)
  2 leopard gecko zombies (D)
  A quokka skeleton (D)
  A quokka zombie (D)
54 creatures vanquished.

Vanquished Creatures (others)
  A spatial maelstrom (D)
1 creature vanquished.

Grand Total: 55 creatures vanquished

Notes
Turn   | Place    | Note
-------+----------+-------------------------------------------
     0 | D        | Found the +6 Majin-Bo {vamp, Archmagi MP+6 Int+6}
     0 | D        | Found the +7 great mace "Firestarter" {inner flame, rF++}
     0 | D        | nicolaieve the Minotaur Berserker began the quest for the Orb.
     0 | D        | Reached XP level 1. HP: 19/19 MP: 0/0
     0 | D        | Found a blossoming altar of Fedhas.
     1 | D        | Found a deep blue altar of Sif Muna.
     1 | D        | Found a sacrificial altar of Ru.
     1 | D        | Found a bloodstained altar of Trog.
     1 | D        | Found a stormy altar of Qazlal.
     1 | D        | Found an iron altar of Okawaru.
     1 | D        | Found a sparkling altar of Nemelex Xobeh.
     6 | D        | Banished a spatial maelstrom
    12 | D        | Found a transporter.
    12 | D        | Found an ancient bone altar of Kikubaaqudgha.
    12 | D        | Found a viscous altar of Jiyva.
    12 | D        | Found a corrupted altar of Lugonu.
    12 | D        | Found a hazy altar of Hepliaklqana.
    12 | D        | Found a burning altar of Makhleb.
    12 | D        | Found an opulent altar of Gozag.
    63 | D        | Found the +9 heavy crossbow "Sniper" {velocity, Acc+∞ SInv}
    63 | D        | Found the +10 dark maul {crush}
    63 | D        | Found the +15 Maxwell's patent armour {-Cast -Tele rElec MR+ rCorr}
    63 | D        | Found the +18 shield of the Gong {rElec rN+ MR+ EV-5}
    63 | D        | Found the cursed +14 obsidian axe {chop, +Fly SInv *Curse}
    65 | D        | Found the +6 shillelagh "Devastator" {shatter}
    65 | D        | Found the +11 plutonium sword {*Contam Stlth-}
    65 | D        | Found the +8 lance "Wyrmbane" {slay drac, rPois rF+ rC+ AC+3}
    65 | D        | Found the +9 sword of Zonguldrok {reap}
    65 | D        | Found the cursed +13 scythe of Curses {drain, *Curse}
    65 | D        | Found the +0 sword of Power
    65 | D        | Found the +11 mace of Variability {chaos}
    65 | D        | Found the +7 Singing Sword
    65 | D        | Found the +7 longbow "Piercer" {penet, EV-2}
   105 | D        | Entered arena 2.
   105 | D        | Noticed Sigmund
   105 | D        | Noticed Jessica
   105 | D        | Found a transporter.
   109 | D        | Killed Jessica
   109 | D        | Reached skill level 5 in Fighting
   109 | D        | Reached skill level 5 in Axes
   109 | D        | Reached XP level 2. HP: 30/30 MP: 1/1
   112 | D        | Killed Sigmund
   112 | D        | Reached ** piety under Trog
   112 | D        | Reached skill level 9 in Axes
   112 | D        | Reached skill level 5 in Armour
   112 | D        | Reached XP level 3. HP: 44/44 MP: 2/2
   112 | D        | Reached XP level 4. HP: 50/50 MP: 3/3
   112 | D        | Reached XP level 5. HP: 57/57 MP: 4/4
   122 | D        | Entered arena 3.
   122 | D        | Noticed a tarantella
   122 | D        | Noticed a tarantella
   122 | D        | Found a transporter.
   126 | D        | Reached skill level 10 in Axes
   127 | D        | Killed a tarantella
   127 | D        | Reached skill level 13 in Axes
   127 | D        | Reached XP level 6. HP: 45/64 MP: 5/5
   127 | D        | Killed a tarantella
   127 | D        | Reached skill level 14 in Axes
   127 | D        | Reached XP level 7. HP: 50/70 MP: 6/6
   138 | D        | Reached *** piety under Trog
   138 | D        | Received a gift from Trog
   145 | D        | Entered arena 4.
   145 | D        | Found a transporter.
   152 | D        | Reached **** piety under Trog
   159 | D        | Reached skill level 15 in Axes
   170 | D        | Entered arena 5.
   170 | D        | Found a transporter.
   175 | D        | Reached ***** piety under Trog
   175 | D        | Reached skill level 16 in Axes
   185 | D        | Got the +6 plate armour "Damet" {+Fly MR- rCorr}
   214 | D        | Entered arena 6.
   214 | D        | Noticed a yaktaur
   214 | D        | Noticed a yaktaur
   214 | D        | Found a transporter.
   222 | D        | Reached XP level 8. HP: 55/78 MP: 7/7
   222 | D        | Killed a yaktaur
   222 | D        | Reached skill level 17 in Axes
   226 | D        | Received a gift from Trog
   229 | D        | Killed a yaktaur
   229 | D        | Reached skill level 18 in Axes
   414 | D        | Entered arena 7.
   414 | D        | Noticed a wind drake
   414 | D        | Noticed a glowing orange brain
   414 | D        | Noticed a green ugly thing
   414 | D        | Noticed a hornet
   415 | D        | Found a transporter.
   415 | D        | a hornet changed into a naga
   417 | D        | Noticed a shining eye
   417 | D        | a glowing orange brain changed into a shining eye
   424 | D        | Killed a green ugly thing
   424 | D        | Reached skill level 19 in Axes
   424 | D        | Reached XP level 9. HP: 84/84 MP: 8/8
   426 | D        | Gained mutation: You are frail. (-10% HP) [a shining eye]
   428 | D        | Killed a wind drake
   428 | D        | Reached skill level 20 in Axes
   431 | D        | Gained mutation: Potions are less effective at restoring your health. [a shining eye]
   435 | D        | Noticed a mana viper
   435 | D        | a shining eye changed into a mana viper
   440 | D        | Killed a mana viper
   440 | D        | Reached skill level 10 in Armour
   458 | D        | Got the ring of Ewaipe {-Tele rC++ MR+ Int+4}
   579 | D        | Entered arena 8.
   580 | D        | Found a transporter.
   583 | D        | Reached skill level 21 in Axes
   589 | D        | Received a gift from Trog
   598 | D        | Identified the Handbook of the Mountains and Dark Secrets
   627 | D        | Entered arena 9.
   629 | D        | Found a transporter.
   632 | D        | Reached ****** piety under Trog
   635 | D        | Received a gift from Trog
   687 | D        | Entered arena 10.
   687 | D        | Noticed an ancient zyme
   691 | D        | Found a transporter.
   693 | D        | Received a gift from Trog
   695 | D        | Killed an ancient zyme
   697 | D        | Reached XP level 10. HP: 82/82 MP: 3/9
   698 | D        | Received a gift from Trog
   708 | D        | Got the ring "Pasuv" {Int+4 Stlth-}
   713 | D        | Identified Dispater's Catalogue of Creative Clay
   741 | D        | Entered arena 11.
   741 | D        | Noticed a thrashing horror
   742 | D        | Found the cursed necklace of Bloodlust {*Rage +Rage MR++ Int-3 Slay+6 *Curse}
   743 | D        | Found a transporter.
   745 | D        | Killed a thrashing horror
   745 | D        | Reached skill level 10 in Fighting
   745 | D        | Reached skill level 22 in Axes
   745 | D        | Received a gift from Trog
   751 | D        | Received a gift from Trog
   815 | D        | Entered arena 12.
   815 | D        | Noticed a smoke demon
   815 | D        | Noticed a Tzitzimitl
   815 | D        | Noticed a rust devil
   815 | D        | Noticed Reawk the pandemonium lord
   815 | D        | Noticed a smoke demon
   816 | D        | Noticed Piniekom the pandemonium lord
   816 | D        | Noticed a smoke demon
   817 | D        | Noticed a Hell Sentinel
   817 | D        | Noticed an orange demon
   818 | D        | Noticed a sixfirhy
   818 | D        | Noticed an orange demon
   818 | D        | Noticed a sun demon
   818 | D        | HP: 4/124 [smoke demon/divine providence (13)]
   820 | D        | Mangled by Reawk the pandemonium lord

Skill      XL: |  1  2  3  4  5  6  7  8  9 10 |
---------------+-------------------------------+-----
Fighting       | 5 9 10 | 10.3
Axes           | 5 9 13 14 16 19 21 22 | 22.7
Armour         | 3 5 6 7 8 9 10 | 10.7
Dodging        | |  2.4

Action                   |  1- 3 |  4- 6 |  7- 9 | 10-12 || total
-------------------------+-------+-------+-------+-------++-------
Melee: Broad axe         |     4 |     4 |    38 |       ||    46
       Headbutt          |     1 |       |    18 |     6 ||    25
       Battleaxe         |       |       |    13 |       ||    13
       Executioner's axe |       |       |     8 |    11 ||    19
Invok: Berserk           |     1 |       |     6 |     2 ||     9
       Burn Spellbooks   |       |       |     2 |     2 ||     4
       Brothers in Arms  |       |       |     1 |     1 ||     2
  Eat: Chunk             |       |       |     1 |       ||     1
       Ration            |       |       |     2 |       ||     2
Armor: Plate armour      |     4 |     9 |    39 |    13 ||    65
Dodge: Dodged            |       |     9 |    31 |     9 ||    49
